 Dungeon Crawl Stone Soup version 0.31-a0-221-gbddc013574 (webtiles) character file.

Game seed: 8226373145803650359

198 qw the Chopper (level 5, 0/33 HPs)
             Began as a Gargoyle Fighter on July 4, 2023.
             Slain by an orc
             ... wielding a +0 hand axe
              (3 damage)
             ... on level 3 of the Dungeon.
             The game lasted 00:01:14 (1766 turns).

qw the Chopper (Gargoyle Fighter)                   Turns: 1766, Time: 00:01:15

Health: 0/33       AC: 12    Str: 21    XL:     5   Next: 77%
Magic:  5/5        EV:  9    Int:  9    God:
Gold:   94         SH:  4    Dex:  9    Spells: 4/4 levels left

rFire   . . .        Y - +0 war axe
rCold   + . .        c - +0 buckler
rNeg    + . .        b - +0 scale mail
rPois   inf          a - +0 helmet
rElec   +            (no cloak)
rCorr   .            (no gloves)
SInv    .            (no boots)
Will    .....        (no amulet) Stlth
                     k - ring of protection from cold
HPRegen 0.25/turn    (no ring)
MPRegen 0.09/turn

%: no passive effects
@: no status effects
A: sickness immunity, AC +4, negative energy resistance 1, electricity
resistance, torment resistance 1, petrification resistance
a: no special abilities


You were on level 3 of the Dungeon.
You visited 1 branch of the dungeon, and saw 3 of its levels.

You collected 94 gold pieces.


Innate Abilities, Weirdness & Mutations

You are immune to sickness and miasma.
Your stone body is resilient. (AC +4)
You are immune to poison.
You resist negative energy. (rN+)
You are resistant to electric shocks. (rElec)
You are resistant to unholy torment.
You are immune to petrification.


   Skills:
 + Level 3.8 Fighting
 - Level 5.0 Axes
 - Level 3.2 Armour
 - Level 3.2 Shields


You had 4 spell levels left.
You didn't know any spells.
Your spell library was empty.

Inventory:

Hand Weapons
 n - a +0 mace
 Y - a +0 war axe (weapon)
Armour
 a - a +0 helmet (worn)
 b - a +0 scale mail (worn)
 c - a +0 buckler (worn)
 f - a +0 plate armour
Jewellery
 k - a ring of protection from cold (left hand)
Scrolls
 e - a scroll of identify
Potions
 d - a potion of might
 g - a potion of attraction {unknown}
 i - a potion of magic {unknown}
 j - a potion of curing {unknown}
 l - a potion of degeneration {unknown}
 m - a potion of haste {unknown}

Dungeon Overview and Level Annotations

Branches:
Dungeon (3/15)

Altars:

Shops:
D:2 [

Annotations:
D:2 1 runed translucent door, Crazy Yiuf


Message History

You hit the goblin.
You kill the goblin!
You barely miss the orc. The orc hits you but does no damage.
The orc priest hits you but does no damage.
You hit the orc priest.
The orc priest is heavily wounded.
You hit the hobgoblin. You hit Robin but do no damage.
You barely miss the hobgoblin. You hit the orc. Robin hits you with a +0 mace.
The hobgoblin barely misses you.
The orc priest looks encouraged for a moment.
The hobgoblin hits you but does no damage.
You slash the orc!
You kill the orc!
You closely miss the orc priest. You hit the hobgoblin but do no damage.
You barely miss Robin. You barely miss the hobgoblin.
You hit the orc but do no damage. You block Robin's attack.
The hobgoblin hits you. The orc hits you but does no damage.
The orc priest hits you but does no damage.
The hobgoblin hits you but does no damage.
You closely miss the orc priest.
The orc priest is heavily wounded.
You hit the orc. You slash the hobgoblin!
You kill the hobgoblin!
You barely miss Robin. You barely miss the hobgoblin.
Robin hits you but does no damage. The hobgoblin barely misses you.
The orc priest barely misses you. The orc priest completely misses you.
Robin hits you with a +0 mace! The hobgoblin barely misses you.
You slash the orc priest!
You kill the orc priest!
You slash the hobgoblin!
You kill the hobgoblin!
You barely miss the orc. You hit Robin. The orc hits you but does no damage.
Robin closely misses you.
You slash Robin!
You kill Robin!
You closely miss the orc. You barely miss the orc. You hit the orc.
The orc hits you with a +0 hand axe.
You die...

#........# #...#
.................# #.#.#
.................# #.#.#
.................# #.#.#
.................# #.#.#
.................# #....
.................# ###..
......)o)........######>
......o@.........##.....
......o).........##)....
.(......................
.................##..)..
.................##.....
.................##.....
###################.....
######


You could see 3 orcs.

Vanquished Creatures
  An orc priest (D:3)
  A hound (D:2)
  Natasha (D:2)
  Robin (D:3)
  2 adders (D:3)
  4 dart slugs
  6 orcs (D:3)
  4 bats
  7 endoplasms
  2 giant cockroaches (D:2)
  13 goblins
  10 hobgoblins
  6 jackals (D:2)
  3 kobolds
  2 quokkas
  3 ball pythons
  5 frilled lizards
  6 rats
77 creatures vanquished.

Notes
Turn   | Place    | Note
-------+----------+-------------------------------------------
     0 | D:1      | qw the Gargoyle Fighter began the quest for the Orb.
     0 | D:1      | Reached XP level 1. HP: 14/14 MP: 1/1
     0 | D:1      | 0 ||| qw: Version: 0.3-a-41-g9d075ac
     0 | D:1      | 0 ||| qw: Game counter: 811
     0 | D:1      | 0 ||| qw: Melee chars always use a shield: true
     0 | D:1      | 0 ||| qw: God list: Okawaru
     0 | D:1      | 0 ||| qw: Allow faded altars: false
     0 | D:1      | 0 ||| qw: Do Orc after clearing Dungeon:15 true
     0 | D:1      | 0 ||| qw: Do second Lair branch before Depths: true
     0 | D:1      | 0 ||| qw: Lair rune preference: random
     0 | D:1      | 0 ||| qw: Goals: Normal, Zot:1-4, Slime:5, God:TSO, Crypt,
                  | Tomb, Abyss, Pan, Hells, Win
     0 | D:1      | 0 ||| PLANNING D:1-11
    52 | D:1      | 52 ||| Stepping ~*~*~tactically~*~*~ (stealth).
    53 | D:1      | 53 ||| Stepping ~*~*~tactically~*~*~ (stealth).
    54 | D:1      | 54 ||| Stepping ~*~*~tactically~*~*~ (stealth).
    59 | D:1      | Reached skill level 2 in Axes
    66 | D:1      | Reached XP level 2. HP: 15/19 MP: 2/2
   201 | D:1      | 201 ||| Stepping ~*~*~tactically~*~*~ (stealth).
   377 | D:1      | Reached skill level 3 in Axes
   378 | D:1      | Reached XP level 3. HP: 23/23 MP: 3/3
   418 | D:1      | 418 ||| Stepping ~*~*~tactically~*~*~ (stealth).
   486 | D:1      | 486 ||| UPGRADING to ring of protection from cold.
   487 | D:1      | 487 ||| READING scroll labelled YMEIPP YLOZULI.
   488 | D:1      | 488 ||| READING scroll labelled VUX ZUOMUR.
   489 | D:1      | 489 ||| READING scroll labelled MUCWAADDUAM.
   494 | D:1      | 494 ||| READING scroll labelled QUDGHU AGANE ERCH.
   665 | D:2      | 665 ||| UPGRADING to +0 helmet.
   670 | D:2      | 670 ||| READING scroll labelled XECREU DEIQEHU.
   804 | D:2      | 804 ||| Stepping ~*~*~tactically~*~*~ (stealth).
   823 | D:2      | 823 ||| FLEEEEING.
   824 | D:2      | 824 ||| FLEEEEING.
   825 | D:2      | 825 ||| FLEEEEING.
   826 | D:2      | 826 ||| FLEEEEING.
   827 | D:2      | 827 ||| STAIRDANCE
   993 | D:2      | Noticed Natasha
  1004 | D:2      | Killed Natasha
  1005 | D:2      | Reached skill level 4 in Axes
  1005 | D:2      | Reached XP level 4. HP: 21/28 MP: 4/4
  1065 | D:2      | Found a runed translucent door.
  1066 | D:2      | Noticed Crazy Yiuf
  1165 | D:2      | Found Xuiqosap's Antique Armour Shoppe.
  1168 | D:2      | 1168 ||| SHOPLISTING crude chain mail (228 gold, have 60).
  1168 | D:2      | 1168 ||| SHOPLISTING runed orb (288 gold, have 60).
  1461 | D:2      | 1461 ||| READING scroll labelled WOYXUNOGIRGH.
  1512 | D:3      | Reached XP level 5. HP: 32/32 MP: 5/5
  1544 | D:3      | 1544 ||| Stepping ~*~*~tactically~*~*~ (stealth).
  1545 | D:3      | 1545 ||| Stepping ~*~*~tactically~*~*~ (stealth).
  1550 | D:3      | 1550 ||| DROPPING +0 club.
  1696 | D:3      | 1696 ||| Stepping ~*~*~tactically~*~*~ (stealth).
  1698 | D:3      | 1698 ||| Stepping ~*~*~tactically~*~*~ (stealth).
  1700 | D:3      | 1700 ||| Stepping ~*~*~tactically~*~*~ (hiding).
  1701 | D:3      | 1701 ||| Stepping ~*~*~tactically~*~*~ (hiding).
  1740 | D:3      | 1740 ||| DROPPING +0 whip.
  1753 | D:3      | Noticed Robin
  1761 | D:3      | Reached skill level 5 in Axes
  1764 | D:3      | HP: 2/32 [Robin/+0 mace (7)]
  1766 | D:3      | Killed Robin
  1766 | D:3      | Slain by an orc

Levels and vault maps discovered:
D:1:      dpeg_arrival_windows_large_door, layout_rooms, chequers_avenue
D:2:      cheibrodos_helix_gallery, layout_loops_corners, serial_shops,
          nicolae_shop_window_shopping, chequers_serial_rivers_micro_e,
          uniq_crazy_yiuf_cottage, uniq_natasha
D:3:      layout_basic, hellmonk_ecumenical_altar_inner_sanctum, uniq_robin

Skill      XL: |  1  2  3  4  5 |
---------------+----------------+-----
Axes           | 2 3 4 5 |  5.0
Fighting       | |  3.8
Armour         | |  3.2
Shields        | |  3.2

Action                     |  1- 3 |  4- 6 || total
---------------------------+-------+-------++-------
  Melee: War axe           |   126 |    80 ||   206
    Use: Scroll            |     5 |     1 ||     6
 Armour: Scale mail        |    62 |    49 ||   111
  Dodge: Dodged            |    65 |    43 ||   108
  Block: Buckler           |    25 |    20 ||    45

Table legend:
 A = Non-vault XP
 B = Vault XP
 C = Vault XP percentage of total XP
 D = Non-vault monster count
 E = Vault monster count
 F = Vault count percentage of total count
                 A         B        C        D         E       F
            +---------+---------+-------+---------+---------+-------
      Total |     224 |      75 |  25.1 |      61 |      16 |  20.8
            +---------+---------+-------+---------+---------+-------
        D:1 |      41 |       0 |   0.0 |      21 |       0 |   0.0
        D:2 |      82 |      37 |  31.1 |      22 |       3 |  12.0
        D:3 |     101 |      38 |  27.3 |      18 |      13 |  41.9
            +---------+---------+-------+---------+---------+-------
